cohdb
Replays
Latest Replays
All Replays
Popular Replays
Top Player Replays
Match Explorer
How It Works
Community
CoH3 Stats
Reddit
Sign in to upload your games and track your stats! →
Sign in with Steam
Match 43045431
Unlisted
Match 43045431
Overview
Messages
Build Orders
End
Kradschützen Motorcycle Team
Panzergrenadier Squad
Panzergrenadier Squad
Construct Light Support Kompanie
Panzerjäger Squad
Selects Panzerjäger Kommand Battlegroup
Selects Tank Busters
Selects Mine Fields
Panzergrenadier Squad
Fire Support Elements
Assault Mechanized Group
Flakvierling Half-track
2.5-tonne Medical Truck
Selects Defensive Positions
Selects Early Warning
Panzerjäger Squad
Construct Mechanized Kompanie
StuG III D Assault Gun
Hisui
Python
BUBBA_ACTUAL
JollyRedRockett
0
0
Comments
sign in to comment!
No comments posted yet!